 Dungeon Crawl Stone Soup version 0.22-a0-571-g4a923d4b9e (webtiles) character file.

418 PikkenKukken the Skirmisher (level 6, 0/43 HPs)
             Began as a Demonspawn Abyssal Knight on July 1, 2018.
             Was a Believer of Lugonu.
             Slain by an ogre
             ... wielding a +0 giant spiked club
              (20 damage)
             ... on level 4 of the Dungeon.
             The game lasted 00:06:45 (3931 turns).

PikkenKukken the Skirmisher (DsAK)                  Turns: 3931, Time: 00:06:45

Health: 0/43       AC: 11    Str: 14    XL:     6   Next: 61%
Magic:  9/9        EV: 11    Int: 14    God:    Lugonu [**....]
Gold:   148        SH:  5    Dex: 17    Spells: 5/5 levels left

rFire    + . .     SeeInvis .   a - +1 hand axe
rCold    . . .     Gourm    .   f - +0 buckler
rNeg     . . .     Faith    .   m - +0 chain mail
rPois    .         Spirit   .   (no helmet)
rElec    .         Reflect  .   (no cloak)
rCorr    .         Harm     .   (no gloves)
MR       .....                  (no boots)
Stlth    ..........             (no amulet)
HPRegen  0.14/turn              (no ring)
MPRegen  0.11/turn              (no ring)

@: agile
A: iridescent scales 1, fire resistance 1, frail 1, powered by pain 2, wild
magic 1
a: Depart the Abyss, Bend Space, Renounce Religion


You were on level 4 of the Dungeon.
You worshipped Lugonu.
Lugonu was pleased with you.
You were not hungry.

You visited 1 branch of the dungeon, and saw 4 of its levels.
You visited the Abyss 1 time.

You collected 148 gold pieces.

Inventory:

Hand Weapons
 a - a +1 hand axe (weapon)
Missiles
 g - 62 sling bullets
Armour
 f - a +0 buckler (worn)
 m - a +0 chain mail (worn)
Scrolls
 d - a scroll of teleportation
 e - a scroll of remove curse
Potions
 h - 2 potions of might
 k - a potion of lignification {unknown}
 l - a potion of curing
Comestibles
 c - 3 rations


   Skills:
 + Level 4.2 Fighting
 + Level 3.3 Axes
 + Level 3.0 Armour
 + Level 2.3 Dodging
 - Level 0.3 Stealth
 + Level 2.0 Shields
 + Level 4.1 Invocations


You had 5 spell levels left.
You didn't know any spells.
Your spell library was empty.

Dungeon Overview and Level Annotations

Branches:
Dungeon (4/15)
 Temple: D:4-7

Altars:
Cheibriados
Kikubaaqudgha
Uskayaw

Annotations:
D:3 Ijyb


Innate Abilities, Weirdness & Mutations

You are partially covered in iridescent scales. (AC +2)
You sometimes gain power by taking damage.
Your flesh is heat resistant. (rF+)
You are frail. (-10% HP)
Your spells are a little harder to cast, but a little more powerful.


Message History

Your Armour skill increases to level 3!
Your Shields skill increases to level 2!
No target in view!
Found a stone staircase leading down.
You start resting.
HP restored.
Found a falchion.
Found a stone staircase leading down.
An ogre comes into view. It is wielding a giant spiked club.
The ogre shouts!
Okay, then.
The ogre hits you with a giant spiked club!!
Ouch! That really hurt!
You focus on the pain.
You feel agile all of a sudden.
There is a stone staircase leading down, spattered with blood here.
You slash the ogre!
The ogre is moderately wounded.
The ogre hits you with a giant spiked club!!
You die...

########## #........#
#####........#
.............#
#####........###########
................@O......
####.#..#.#.####.###.###
####.#..#.#.# #.#
...#.#..#.#.# #.#
...#.#..#.#.# #.#
...#.#..#.#.# #.#
...#.#..#.#.# #..
...#.#..#.#.# #.. ...#
#.#.#


You could see an ogre.

Vanquished Creatures
  Grinder (D:3)
  A bullfrog skeleton (D:4)
  Jessica (D:3)
  Terence (D:3)
  2 orc wizards (D:2)
  2 adders (D:3)
  An ooze (D:1)
  A worm (D:3)
  2 dart slugs (D:3)
  2 leopard geckos (D:1)
  3 orcs
  2 ball pythons
  A giant cockroach (D:1)
  8 goblins
  5 hobgoblins
  10 jackals
  2 quokkas (D:3)
  9 bats
  2 frilled lizards (D:1)
  A jackal skeleton (D:4)
  4 kobolds
  5 rats
66 creatures vanquished.

Notes
Turn   | Place    | Note
-------+----------+-------------------------------------------
     0 | Abyss:1  | PikkenKukken the Demonspawn Abyssal Knight began the quest for the Orb.
     0 | Abyss:1  | Reached XP level 1. HP: 18/18 MP: 2/2
    43 | Abyss:1  | Noticed a small abomination
    44 | D:1      | Escaped the Abyss
   457 | D:1      | Gained mutation: You sometimes gain a little power by taking damage. [demonic ancestry]
   457 | D:1      | Reached XP level 2. HP: 23/24 MP: 3/3
   554 | D:1      | Reached * piety under Lugonu
  1205 | D:1      | Reached skill level 1 in Dodging
  1526 | D:2      | Gained mutation: You are partially covered in iridescent scales. (AC +2) [demonic ancestry]
  1526 | D:2      | Reached XP level 3. HP: 29/29 MP: 5/5
  1640 | D:2      | Found a snail-covered altar of Cheibriados.
  2114 | D:2      | Found a hide-covered altar of Uskayaw.
  2115 | D:2      | Found an ancient bone altar of Kikubaaqudgha.
  2160 | D:2      | Reached XP level 4. HP: 16/35 MP: 6/6
  2636 | D:3      | Reached ** piety under Lugonu
  2805 | D:3      | Gained mutation: Your spells are a little harder to cast, but a little more powerful. [potion of mutation]
  2805 | D:3      | Gained mutation: You are frail. (-10% HP) [potion of mutation]
  2805 | D:3      | Gained mutation: Your flesh is heat resistant. (rF+) [potion of mutation]
  2818 | D:3      | Gained mutation: You sometimes gain power by taking damage. [demonic ancestry]
  2818 | D:3      | Reached XP level 5. HP: 37/37 MP: 7/7
  2999 | D:3      | Noticed Grinder
  3006 | D:3      | Killed Grinder
  3006 | D:3      | Reached skill level 1 in Shields
  3006 | D:3      | Reached XP level 6. HP: 32/43 MP: 8/8
  3201 | D:3      | Noticed Jessica
  3211 | D:3      | Killed Jessica
  3370 | D:3      | Noticed Terence
  3390 | D:3      | Killed Terence
  3456 | D:3      | Noticed Ijyb
  3931 | D:4      | Slain by an ogre

Vault maps used:
D:1:      mrwooster_arrival_arrow, minmay_split_cup_small
D:2:      cheibriados_altar_1, gammafunk_temple_overflow_pools, first_ration
D:3:      kennysheep_generic_room_16, uniq_grinder, uniq_ijyb, uniq_jessica,
          uniq_terence

Skill      XL: |  1  2  3  4  5  6 |
---------------+-------------------+-----
Armour         | 2 3 |  3.0
Axes           | 2 3 |  3.3
Dodging        | 1 2 |  2.3
Invocations    | 3 4 |  4.1
Fighting       | 4 |  4.2
Shields        | 1 2 |  2.0
Stealth        | |  0.3

Action                   |  1- 3 |  4- 6 || total
-------------------------+-------+-------++-------
Melee: Hand axe          |   107 |   125 ||   232
Invok: Depart the Abyss  |     1 |       ||     1
  Use: Scroll            |     4 |     4 ||     8
       Potion            |     2 |     4 ||     6
 Stab: Sleeping          |     1 |       ||     1
  Eat: Chunk             |     3 |     2 ||     5
       Ration            |       |     2 ||     2
Armor: Leather armour    |    42 |    32 ||    74
       Chain mail        |       |    37 ||    37
Dodge: Dodged            |    91 |    38 ||   129
Block: Buckler           |     1 |    27 ||    28

Table legend:
 A = Spawn XP
 B = Non-spawn XP
 C = Spawn XP percentage of total XP
 D = Spawn monster count
 E = Non-spawn monster count
 F = Spawn count percentage of total count
 G = Total turns spent on level
                    A         B        C        D         E        F      G
               +---------+---------+-------+---------+---------+-------+---------
         Total |       0 |     598 |   0.0 |       0 |      66 |   0.0 |  3931
               +---------+---------+-------+---------+---------+-------+---------
           D:1 |       0 |      37 |   0.0 |       0 |      18 |   0.0 |  1387
           D:2 |       0 |     110 |   0.0 |       0 |      22 |   0.0 |  1124
           D:3 |       0 |     411 |   0.0 |       0 |      24 |   0.0 |  1153
           D:4 |       0 |      40 |   0.0 |       0 |       2 |   0.0 |   223
               +---------+---------+-------+---------+---------+-------+---------
